Tolliver Groat, neutral female gnomish Tourist ------- *###**# ######*`####` ## |...<..# # # ########################### |.....|# #---.----.-.....-.............--.-` ` |.....|# #|.+..|..|..+....-...(.......+....############ --.----# ###.....|..........|..|..|.......... # # ##|...-.|---.-.....---|-..-...-.... # #.................................# # *#...-|--...+.-..........@--|--....*## # *`# ####............|.....{.....|...|...| #* # ###* `##...|...@................|%%%|...| *# # ##* #|....-.|.....@........_.|.%%|.... # ###*##..............&........@|%%!|....# ------.--####**#..------...------......-------..| |........####*##..%.[[+|...|(((.|.......|(((.|..| |.......|## ###..|.(.=|...|(((.-..+....|(((.-[.| |........#######..|?("(|...|(.(.|..|....|(((.|..| .........*# ###..---------------...-...------..| .........#######................................| --------- # #-.....-...............----.------ Tolliver Groat the Excursionist Experience level: 6 Strength: 13 Dexterity: 13 Constitution: 16 Intelligence: 14 Wisdom: 8 Charisma: 18 Health: 0(44) Energy: 23(23) Def: 5 Gold: 1292 Moves: 4695 Dungeon seed: vNiaq06VNX8SjBQe Game ID: Tolliver Groat_1529564081 Your Inventory: Coins $ - 1292 gold pieces Weapons a - 43 uncursed +2 darts (in quiver) o - a blessed +2 aklys (weapon in hand) L - an uncursed +0 elven dagger Armor l - an uncursed +0 Hawaiian shirt (being worn) r - an uncursed +0 shield of reflection (being worn) N - an uncursed +0 pair of low boots (being worn) Y - an uncursed +0 studded leather armor (being worn) Comestibles b - 3 uncursed food rations d - an uncursed eucalyptus leaf h - 2 uncursed eggs q - an uncursed lembas wafer s - an uncursed fortune cookie F - an uncursed tripe ration Scrolls c - an uncursed scroll of teleportation f - an uncursed scroll of identify g - an uncursed scroll of confuse monster i - a cursed scroll of consecration j - 4 uncursed scrolls of magic mapping k - an uncursed scroll of enchant armor u - 2 uncursed scrolls of scare monster w - an uncursed scroll of fire U - an uncursed scroll of destroy armor Potions p - an uncursed potion of enlightenment v - an uncursed potion of healing x - an uncursed potion of sickness z - a blessed potion of hallucination G - a cursed potion of monster detection V - a potion of holy water Rings T - a blessed +2 ring of gain strength (on left hand) Wands m - an uncursed wand of secret door detection (0:14) A - an uncursed wand of enlightenment (0:11) B - an uncursed wand of digging (0:4) C - an uncursed wand of sleep (0:3) D - an uncursed wand of sleep (0:7) E - an uncursed wand of teleportation (0:6) H - an uncursed wand of create monster (0:11) Tools e - an uncursed lock pick n - an uncursed tooled horn named THE HORN OF YENDOR K - a blessed oil lamp (0:1292) P - an uncursed stethoscope Q - an uncursed towel Spells and supernatural/magical abilities: Name Level Category Fail Memory I - identify 3 divination 100% 100% W - pray for help -- divine ? -- Your skills at the end: Miscellaneous Skills wands [Basic] stealth [Skilled] Weapon Skills club [Skilled] dart [Basic] Spellcasting Skills Final Attributes: You were devoutly aligned. You were poison resistant. Your writing hand was ok. You were telepathic. You had infravision. You were stealthy. You had reflection. You are dead. Vanquished creatures: 2 large mimics 3 giant beetles a dingo a baby crocodile 3 Mordor orcs an orc shaman a rock mole a rock piercer 3 shriekers a red naga hatchling 3 floating eyes a kitten 2 dwarves 2 iguanas a rabid rat a monkey 5 orc zombies 4 killer bees 3 hobbits an acid blob 3 large kobolds 3 geckos a giant rat a green mold 2 red molds 2 gnomes 7 garter snakes a gnome zombie 6 jackals a fox 5 newts a goblin 6 sewer rats 5 grid bugs a bat 6 lichens 91 creatures vanquished. Voluntary challenges: You did not cause conflict. You were not invisible. You were not displaced. You used a wielded weapon 144 times, starting on turn 5. You did not apply a unicorn horn. You did not use plumbed fixtures. You read items or engraved 13 times, starting on turn 4514. You never genocided any monsters. You never polymorphed an object. You never changed form. You used no wishes. You never split a pudding. You never wrote Elbereth's name. You never violated your personal moral code. Dungeon overview: The Dungeons of Doom: levels 1 to 4 Level 1 an altar to Blind Io, a sink a long staircase Level 2 some fountains Level 3 a fountain, a sink Level 4 a fountain stairs to The Gnomish Mines The Gnomish Mines: levels 5 to 7 Level 5 stairs to The Dungeons of Doom Level 6 Level 7 <- You were here many shops, a temple to Blind Io, a magic chest, some fountains History has recorded: On T:1 you entered the Dungeons of Doom to retrieve the Amulet of Yendor! On T:294 you reached level 2 of The Dungeons of Doom. On T:821 you reached level 3 of The Dungeons of Doom. On T:896 you advanced to experience level 2. On T:1024 you reached level 4 of The Dungeons of Doom. On T:1219 you advanced to experience level 3. On T:1712 you reached level 1 of The Gnomish Mines. On T:1782 you advanced to experience level 4. On T:1901 you reached level 2 of The Gnomish Mines. On T:2925 you advanced to experience level 5. On T:3503 you prayed to The Lady. On T:3523 you advanced to experience level 6. On T:3641 you reached level 3 of The Gnomish Mines. On T:4154 you entered the Minetown temple On T:4184 you opened a magic chest. On T:4427 you prayed to The Lady. Score breakdown: Gold: 672 ( 67 points) Experience: 6 levels ( 500 points) Exploration: 7 levels ( 180 points) Discoveries: 34 items ( 1700 points) Variety of kills: 36 monsters ( 1800 points) Major goal: reached Minetown ( 500 points) Survival: died (score multiplied by 3) Total score: 14241 Latest messages: You are carrying too much to get through. K - a blessed magic lamp. You are now wielding your magic lamp. In a cloud of smoke, a djinni emerges! The djinni speaks. "You disturbed me, fool!" The djinni punches you! You begin bashing monsters with your lamp. You bash the djinni. The djinni punches you! You are now wielding your aklys. The djinni punches you! You hit the djinni! The djinni punches you! You die... Final status: Aloha Tolliver Groat the Tourist, killed by a djinni... You died in The Gnomish Mines on dungeon level 7 with 14241 points, and 1292 pieces of gold, after 4695 moves. You were level 6 with a maximum of 44 hit points when you died.